 Dungeon Crawl Stone Soup version 0.23.2-40-g277498a001 (webtiles) character file.

Game seed: 16359076372945350846

13815 DrDiamond the Covert (level 12, -17/109 HPs)
             Began as a Naga Wizard on Sept 17, 2019.
             Was a High Priest of Cheibriados.
             Demolished by a very large slime creature (41 damage)
             ... on level 12 of the Dungeon.
             The game lasted 00:45:15 (18749 turns).

DrDiamond the Covert (Naga Wizard)                 Turns: 18749, Time: 00:45:15

Health: -17/109    AC:  8    Str: 24    XL:     12   Next: 10%
Magic:  16/25      EV: 10    Int: 35    God:    Cheibriados [*****.]
Gold:   458        SH:  0    Dex: 23    Spells: 13/29 levels left

rFire    . . .     SeeInvis +   G - +5 dagger
rCold    + . .     Gourm    .   (no shield)
rNeg     . . .     Faith    .   y - +2 robe {MR+}
rPois    +         Spirit   .   v - +1 hat
rElec    .         Reflect  .   (no cloak)
rCorr    .         Harm     .   (no gloves)
MR       ++...                  (no barding)
Stlth    ++++++....             (no amulet)
HPRegen  0.28/turn              l - ring of protection from cold
MPRegen  0.19/turn              C - -3 ring of intelligence (curse)

@: very slow
A: large, see invisible, deformed body, poison resistance, slowness 2, slow
metabolism 1, spit poison 1, AC +4
a: Spit Poison, Bend Time, Temporal Distortion, Slouch, Step From Time, Renounce
Religion


You were on level 12 of the Dungeon.
You worshipped Cheibriados.
Cheibriados was extremely pleased with you.
You were hungry.

You visited 2 branches of the dungeon, and saw 13 of its levels.

You collected 773 gold pieces.
You spent 315 gold pieces at shops.

Inventory:

Hand Weapons
 b - a +3 halberd of freezing
 G - a +5 dagger (weapon)
 L - a +0 dagger of electrocution
Missiles
 n - 4 silver tomahawks (quivered)
Armour
 a - a scarf of spirit shield
 v - a +1 hat (worn)
 y - a +2 robe of magic resistance (worn)
Magical Staves
 F - an uncursed staff of wizardry
Jewellery
 f - an uncursed ring of ice
 g - an uncursed amulet of guardian spirit
 l - a ring of protection from cold (left hand)
 q - an uncursed ring of protection from fire {unknown}
 x - an uncursed ring of resist corrosion
 C - a cursed -3 ring of intelligence (right hand)
Wands
 u - a wand of digging (3)
 D - a wand of clouds (5)
 J - a wand of flame (2)
Scrolls
 c - 6 scrolls of amnesia
 h - 2 scrolls of remove curse
 i - 3 scrolls of enchant weapon
 k - 2 scrolls of immolation
 o - a scroll of enchant armour
 p - a scroll of magic mapping
 r - 2 scrolls of blinking
 E - a scroll of random uselessness {unknown}
 H - 2 scrolls of fear {unknown}
 I - 2 scrolls of identify
 M - a scroll of holy word {unknown}
Potions
 e - a potion of cancellation
 j - 2 potions of brilliance
 m - 4 potions of curing
 s - 2 potions of might
 t - a potion of invisibility
 w - 2 potions of degeneration
 z - 2 potions of magic {unknown}
 A - a potion of lignification {unknown}
 B - a potion of ambrosia
 K - a potion of mutation {unknown}
Comestibles
 d - 21 rations
 N - 3 chunks of flesh


   Skills:
 + Level 7.3 Fighting
 - Level 1.5 Dodging
 + Level 13.9 Stealth
 + Level 9.0 Spellcasting
 + Level 9.5 Conjurations
 - Level 4.0 Charms
 - Level 2.1 Summonings
 - Level 2.1 Translocations
 - Level 3.0 Poison Magic
 + Level 5.3 Invocations


You had 13 spell levels left.
You knew the following spells:

 Your Spells              Type           Power        Failure   Level  Hunger
a - Magic Dart            Conj           ####         1%          1    None
b - Blink                 Tloc           N/A          1%          2    None
c - Mephitic Cloud        Conj/Pois/Air  #####...     1%          3    None
d - Call Imp              Summ           ####....     1%          2    None
e - Conjure Flame         Conj/Fire      #####...     1%          3    None
f - Iskenderun's Battles  Conj/Chrm      ######..     4%          5    ###....

Your spell library contained the following spells:

 Spells                   Type           Power        Failure   Level  Hunger
 Dazzling Spray           Conj/Hex       #####.       1%          3    None
 Beastly Appendage        Tmut           ###...       2%          1    None
 Corona                   Hex            ###....      2%          1    None
 Ensorcelled Hibernation  Hex/Ice        ###...       4%          2    None
 Slow                     Hex            ###.....     4%          2    None
 Sticks to Snakes         Tmut           ###.....     4%          2    None
 Spider Form              Tmut/Pois      ####......   4%          3    None
 Venom Bolt               Conj/Pois      ######....   6%          5    ###....
 Confuse                  Hex            ###.....     9%          3    None
 Tukima's Dance           Hex            ###.....     9%          3    None
 Bolt of Magma            Conj/Fire/Erth #####.....   21%         5    ###....
 Ice Form                 Ice/Tmut       ###.....     26%         4    None
 Orb of Destruction       Conj           ######....   41%         7    ######.
 Iron Shot                Conj/Erth      #####.....   52%         6    #####..
 Blade Hands              Tmut           ###.......   58%         5    ###....
 Spellforged Servitor     Conj/Summ      ######....   91%         7    ######.


Dungeon Overview and Level Annotations

Branches:
Dungeon (12/15)            Temple (1/1) D:4             Orc (0/2) D:9
   Lair: D:8-11

Altars:
Ashenzari
Cheibriados
Dithmenos
Elyvilon
Fedhas
Gozag
Hepliaklqana
Kikubaaqudgha
Nemelex Xobeh
Okawaru
Qazlal
Ru
Sif Muna
Trog
Uskayaw
Vehumet
Wu Jian
Xom
Yredelemnul
Zin
The Shining One

Shops:
D:6 *   D:8 *   D:9 [   D:10 *

Annotations:
D:11 exclusions: death yak and downstairs


Innate Abilities, Weirdness & Mutations

You cannot wear boots.
Your serpentine skin is tough. (AC +4)
You have supernaturally acute eyesight. (SInv)
Armour fits poorly on your strangely shaped body.
Your system is resistant to poisons. (rPois)
You cover ground very slowly.
You have a slow metabolism.
You can spit poison.


Message History

The large slime creature is moderately wounded.
Casting: Magic Dart (safe; 1% risk of failure)
Confirm with . or Enter, or press ? or * to list all spells.
Aiming: Magic Dart (safe; 1% risk of failure)
Press: ? - help, Shift-Dir - straight line, f/p - large slime creature
Aim: a large slime creature (moderately wounded)
The magic dart hits the large slime creature.
The large slime creature is moderately wounded.
Your battlesphere fires!
The barrage of energy hits the large slime creature!!
The large slime creature is heavily wounded.
A large slime creature splits.
Two slime creatures merge to form a very large slime creature.
The slime creature closely misses you. The slime creature hits you.
The slime creature hits you!
The very large slime creature hits you!!!
The slime creature hits you!!
* * * LOW HITPOINT WARNING * * *
The very large slime creature hits you!!!
You die...

......#...# .
.......)#.....
.
#####[.###....
# #.......###
#$(# #.#..
###(###.>..#
#.J[...(.#
#JJ......#
#.@.....##
#####)..*:..#
#...[......##
#.......####
#..<....#
#([.)..>#
#(......#
#(......#
#########


You could see a very large slime creature, 2 slime creatures and a friendly
battlesphere.

Vanquished Creatures
  Josephine (D:10)
  Fannar (D:10)
  A two-headed ogre (D:8)
  A tengu warrior (D:11)
  Sonja (D:10)
  Pikel (D:5)
  An ugly thing (D:11)
  2 kobold demonologists (D:12)
  A freezing wraith (D:12)
  2 hornets (D:8)
  5 wraiths (D:10)
  3 hippogriffs
  9 yaks (D:9)
  3 wyverns
  2 hungry ghosts (D:11)
  Menkaure (D:7)
  Edmund (D:4)
  2 soldier ants (D:8)
  6 orc warriors
  A black bear (D:8)
  An ice beast (D:9)
  2 slaves (D:5)
  A sky beast (D:6)
  An eye of draining (D:11)
  2 phantoms
  4 ogres
  A centaur (D:10)
  5 big kobolds
  5 bullfrogs
  A wyvern zombie (D:10)
  A wyvern skeleton (D:10)
  A water moccasin skeleton (D:8)
  2 jellies
  A scorpion (D:8)
  6 killer bees
  10 wights
  4 howler monkeys
  3 crimson imps
  2 centaur zombies
  2 bullfrog zombies
  2 hounds
  8 orc priests
  11 orc wizards
  A bullfrog skeleton (D:6)
  2 centaur skeletons
  4 iguanas
  9 worker ants
  2 howler monkey skeletons
  11 adders
  A shadow imp (D:5)
  An ooze (D:5)
  2 adder zombies
  3 adder skeletons
  2 worms
  2 dart slugs
  6 leopard geckos
  44 orcs
  7 giant cockroaches
  6 goblins
  8 hobgoblins
  9 jackals
  5 quokkas
  3 ball pythons
  6 bats
  11 frilled lizards
  A giant cockroach zombie (D:5)
  A jackal skeleton (D:4)
  16 kobolds
  A leopard gecko skeleton (D:4)
  A quokka skeleton (D:7)
  A quokka zombie (D:5)
  8 rats
295 creatures vanquished.

Vanquished Creatures (collateral kills)
  Grinder (D:5)
  A hound (D:3)
2 creatures vanquished.

Vanquished Creatures (others)
  A slave (D:5)
  A scorpion (D:5)
  An orc (D:5)
  A ball python skeleton (D:5)
  A plant (D:10)
5 creatures vanquished.

Grand Total: 302 creatures vanquished

Notes
Turn   | Place    | Note
-------+----------+-------------------------------------------
     0 | D:1      | DrDiamond the Naga Wizard began the quest for the Orb.
     0 | D:1      | Reached XP level 1. HP: 15/15 MP: 4/4
   140 | D:1      | Reached XP level 2. HP: 20/22 MP: 1/6
   814 | D:1      | Reached XP level 3. HP: 28/28 MP: 4/7
  1678 | D:2      | Reached skill level 4 in Stealth
  1724 | D:2      | Learned a level 2 spell: Blink
  1727 | D:2      | Learned a level 2 spell: Call Imp
  1731 | D:2      | Learned a level 3 spell: Mephitic Cloud
  1759 | D:2      | Reached XP level 4. HP: 20/36 MP: 0/9
  3138 | D:3      | Reached XP level 5. HP: 28/42 MP: 0/10
  3432 | D:3      | Found a glowing golden altar of the Shining One.
  3708 | D:3      | Reached skill level 1 in Poison Magic
  4491 | D:4      | Noticed Edmund
  4922 | D:4      | Reached skill level 5 in Stealth
  5053 | D:4      | Reached XP level 6. HP: 22/49 MP: 0/11
  5557 | D:4      | Found a hazy altar of Hepliaklqana.
  5602 | D:4      | Killed Edmund
  5871 | D:4      | Found a staircase to the Ecumenical Temple.
  5882 | D:4      | Reached XP level 7. HP: 53/55 MP: 8/13
  5889 | Temple   | Entered the Ecumenical Temple
  6107 | Temple   | Became a worshipper of Cheibriados the Contemplative
  6235 | D:4      | Learned a level 3 spell: Conjure Flame
  6250 | D:5      | Entered Level 5 of the Dungeon
  6426 | D:5      | Noticed Grinder
  6441 | D:5      | Paralysed by Grinder for 3 turns
  6499 | D:5      | Reached skill level 6 in Stealth
  6621 | D:5      | Found a hide-covered altar of Uskayaw.
  6634 | D:5      | Reached * piety under Cheibriados
  7163 | D:5      | Noticed Pikel
  7196 | D:5      | Killed Pikel
  7196 | D:5      | Reached skill level 7 in Stealth
  7196 | D:5      | Reached skill level 5 in Spellcasting
  7196 | D:5      | Reached skill level 5 in Conjurations
  7196 | D:5      | Reached XP level 8. HP: 37/62 MP: 1/15
  7514 | D:5      | Found a sparkling altar of Nemelex Xobeh.
  7531 | D:5      | Reached skill level 8 in Stealth
  7643 | D:5      | Paralysed by Grinder for 3 turns
  7654 | D:5      | Killed Grinder
  7749 | D:5      | Found a radiant altar of Vehumet.
  8088 | D:5      | Found an ancient bone altar of Kikubaaqudgha.
  8090 | D:5      | Found a deep blue altar of Sif Muna.
  8159 | D:5      | Reached skill level 9 in Stealth
  8279 | D:6      | Found an iron altar of Okawaru.
  8676 | D:6      | Found an opulent altar of Gozag.
  8677 | D:6      | Found Gozag's Platinum Reserve.
  8732 | D:6      | Found a white marble altar of Elyvilon.
  8751 | D:6      | Reached skill level 1 in Fighting
  8751 | D:6      | Reached XP level 9. HP: 70/70 MP: 6/18
  9362 | D:7      | Reached ** piety under Cheibriados
  9918 | D:7      | Reached skill level 10 in Stealth
 10245 | D:7      | Found a white marble altar of Elyvilon.
 10265 | D:7      | Reached *** piety under Cheibriados
 10608 | D:7      | Found a bloodstained altar of Trog.
 10647 | D:7      | Noticed Menkaure
 11038 | D:7      | Killed Menkaure
 11226 | D:8      | Got an ichor-stained leather armour
 11355 | D:8      | Found Umoinapn's Assorted Antiques.
 11363 | D:8      | Bought a runed hardcover book for 315 gold pieces
 11369 | D:8      | Learned a level 5 spell: Iskenderun's Battlesphere
 11384 | D:8      | Noticed a hornet
 11384 | D:8      | Noticed a hornet
 11385 | D:8      | Killed a hornet
 11386 | D:8      | Killed a hornet
 11386 | D:8      | Reached skill level 11 in Stealth
 11386 | D:8      | Reached skill level 1 in Charms
 11389 | D:8      | Reached XP level 10. HP: 85/85 MP: 20/20
 11571 | D:8      | Noticed a two-headed ogre
 11591 | D:8      | Killed a two-headed ogre
 12446 | D:9      | Reached **** piety under Cheibriados
 12513 | D:9      | Reached skill level 5 in Fighting
 12530 | D:9      | Reached skill level 12 in Stealth
 12891 | D:9      | Found Exzuq's Armour Emporium.
 13070 | D:9      | Found a staircase to the Orcish Mines.
 13091 | D:9      | Reached skill level 1 in Invocations
 13760 | D:10     | Entered Level 10 of the Dungeon
 13773 | D:10     | Noticed Josephine
 13802 | D:10     | Reached XP level 11. HP: 91/97 MP: 1/22
 13910 | D:10     | Noticed Fannar
 14007 | D:10     | Killed Josephine
 14010 | D:10     | Noticed Sonja
 14012 | D:10     | Reached ***** piety under Cheibriados
 14012 | D:10     | Killed Sonja
 14415 | D:10     | Identified the cursed +1 leather armour of Tomorrow {rN+
                  | rCorr} (You found it on level 8 of the Dungeon)
 14920 | D:10     | Reached skill level 13 in Stealth
 15000 | D:10     | Killed Fannar
 15165 | D:10     | Found Hutziw's Assorted Antiques.
 16749 | D:11     | Noticed a death yak
 16759 | D:11     | Noticed a death yak
 16978 | D:11     | Noticed a white ugly thing
 17015 | D:12     | Noticed a seven-headed hydra
 17077 | D:11     | Noticed a death yak
 17181 | D:11     | Killed a white ugly thing
 17839 | D:11     | Noticed a tengu warrior
 17846 | D:11     | Killed a tengu warrior
 18146 | D:12     | Reached skill level 5 in Invocations
 18211 | D:12     | Reached XP level 12. HP: 109/109 MP: 5/24
 18749 | D:12     | Demolished by a very large slime creature

Skill      XL: |  1  2  3  4  5  6  7  8  9 10 11 12 |
---------------+-------------------------------------+-----
Conjurations   | 2 3 5 6 7 8 9 |  9.5
Stealth        | 4 5 7 9 11 12 13 | 13.9
Poison Magic   | 1 2 3 |  3.0
Spellcasting   | 4 5 6 7 8 9 |  9.0
Summonings     | 2 |  2.1
Translocations | 2 |  2.1
Fighting       | 1 4 5 7 |  7.3
Charms         | 1 4 |  4.0
Invocations    | 2 5 |  5.3
Dodging        | |  1.5

Action                   |  1- 3 |  4- 6 |  7- 9 | 10-12 || total
-------------------------+-------+-------+-------+-------++-------
Melee: Unarmed           |     4 |       |       |       ||     4
       Dagger            |     4 |    54 |    80 |   151 ||   289
       Halberd           |       |       |     2 |     4 ||     6
 Cast: Magic Dart        |    61 |   174 |   268 |   357 ||   860
       Mephitic Cloud    |       |     7 |    10 |    22 ||    39
       Call Imp          |       |     2 |     7 |       ||     9
       Conjure Flame     |       |       |    10 |     4 ||    14
       Blink             |       |       |     9 |     4 ||    13
       Iskenderun's Batt |       |       |       |    31 ||    31
Invok: Slouch            |       |       |       |     1 ||     1
 Abil: Spit Poison       |    15 |    18 |     5 |     6 ||    44
Evoke: Wand              |       |       |     2 |    14 ||    16
  Use: Scroll            |       |     3 |    13 |     4 ||    20
       Potion            |       |       |     2 |     5 ||     7
 Stab: Sleeping          |     1 |     5 |     5 |    11 ||    22
       Confused          |       |     6 |     8 |    13 ||    27
  Eat: Chunk             |     2 |    11 |     6 |    14 ||    33
       Ration            |       |       |     1 |     1 ||     2
Armor: Robe              |     5 |     9 |    58 |   111 ||   183
Dodge: Dodged            |    19 |    52 |   103 |   186 ||   360
